 Dungeon Crawl Stone Soup version 0.28.0-53-g5a82cb258f (webtiles) character file.

Game seed: 13389998260379151485

14 BiggyShaggy the Covered (level 2, 18/19 HPs)
             Began as a Gargoyle Fighter on June 25, 2022.
             Quit the game on level 2 of the Dungeon.
             The game lasted 00:05:53 (395 turns).

BiggyShaggy the Covered (Gargoyle Fighter)           Turns: 395, Time: 00:05:54

Health: 18/19      AC:  9    Str: 19    XL:     2   Next: 45%
Magic:  2/2        EV:  9    Int:  8    God:
Gold:   51         SH:  4    Dex:  9    Spells: 1/1 levels left

rFire   . . .      SeeInvis .   a - +0 flail
rCold   . . .      Faith    .   c - +0 buckler
rNeg    + . .      Spirit   .   b - +0 scale mail
rPois   ∞          Reflect  .   (no helmet)
rElec   +          Harm     .   (no cloak)
rCorr   .          Rampage  .   (no gloves)
Will    .....                   (no boots)
Stlth   ..........              (no amulet)
HPRegen 0.06/turn               (no ring)
MPRegen 0.08/turn               (no ring)

@: no status effects
A: sickness immunity, AC +2, negative energy resistance 1, electricity
resistance, torment resistance 1, petrification resistance
a: no special abilities


You were on level 2 of the Dungeon.
You visited 1 branch of the dungeon, and saw 2 of its levels.

You collected 51 gold pieces.

Inventory:

Hand Weapons
 a - a +0 flail (weapon)
 h - a +0 spear
Missiles
 e - 53 arrows
Armour
 b - a +0 scale mail (worn)
 c - a +0 buckler (worn)
Scrolls
 f - a scroll of amnesia {unknown}
 g - a scroll of teleportation {unknown}
Potions
 d - a potion of might


   Skills:
 + Level 3.5 Fighting
 + Level 2.2 Maces & Flails
 + Level 3.5 Armour
 + Level 3.5 Shields


You had one spell level left.
You didn't know any spells.
Your spell library was empty.

Dungeon Overview and Level Annotations

Branches:
Dungeon (2/15)

Altars:


Innate Abilities, Weirdness & Mutations

You are immune to sickness and miasma.
Your stone body is resilient. (AC +2)
You are immune to poison.
You resist negative energy. (rN+)
You are resistant to electric shocks. (rElec)
You are resistant to unholy torment.
You are immune to petrification.


Message History

You closely miss the quokka.
The quokka is almost dead.
The quokka barely misses you. The goblin hits you but does no damage.
The quokka bites you but does no damage.
You sock the quokka!
You kill the quokka!
The goblin barely misses you.
You closely miss the goblin.
The goblin hits you but does no damage. x2
You closely miss the goblin. You block the goblin's attack.
You closely miss the goblin. The goblin hits you but does no damage.
You thump the goblin!
You kill the goblin!
A bat comes into view.
You see here a +0 club.
The bat hits you but does no damage.
You miss the bat. The bat hits you but does no damage. x2
The bat hits you but does no damage.
A kobold comes into view. It is wielding a +0 short sword.
The kobold shouts!
The bat hits you.
You closely miss the bat. The bat hits you but does no damage.
You block the bat's attack. The bat hits you but does no damage.
You sock the bat!
You kill the bat!
You open the door.
Found 21 arrows.
There is an open door here.
You barely miss the kobold. The kobold hits you but does no damage.
You closely miss the kobold. The kobold barely misses you.
The kobold hits you but does no damage.
You sock the kobold!
You kill the kobold!
e - 53 arrows (gained 21)
You open the door.
Found 23 stones.
There is an open door here.
Unknown command.
Unknown command.
Are you sure you want to abandon this character and quit the game? (Confirm with "yes".)

##### ....# ....#
############
....#######..(.......#
....#.....#..........###
....#.....#.............
....#.....'.............
....#.....#.....@.......
....#.)...#.............
....###'###.............
####....(...###########.
#........# #........#
#........#
####†.).....#.
.......>.......


There were no monsters in sight!

Vanquished Creatures
  2 dart slugs (D:1)
  A ball python (D:2)
  A goblin (D:2)
  2 kobolds
  A quokka (D:2)
  3 bats
10 creatures vanquished.

Notes
Turn   | Place    | Note
-------+----------+-------------------------------------------
     0 | D:1      | BiggyShaggy the Gargoyle Fighter began the quest for the
                  | Orb.
     0 | D:1      | Reached XP level 1. HP: 14/14 MP: 1/1
   287 | D:1      | Reached XP level 2. HP: 18/19 MP: 2/2
   395 | D:2      | Quit the game

Illustrated notes

Levels and vault maps discovered:
D:1:      heliophobic_arrival_dark_side_of_the_moon, layout_loops_ring,
          hangedman_glass_teeth
D:2:      cheibrodos_helix_gallery, layout_basic,
          shapermc_ecumenical_altar_venn, mrwooster_statue_mirror

Action                   || total
-------------------------++-------
Melee: Flail             ||    42
Armor: Scale mail        ||    47
Dodge: Dodged            ||    24
Block: Buckler           ||    13
